 Dungeon Crawl Stone Soup version 0.30-a0-42-g806c11bf1d (webtiles) character file.

Game seed: 14858031879863239184

5817 Newt the Slicer (level 10, -5/74 HPs)
             Began as a Demonspawn Gladiator on Aug 30, 2022.
             Was a High Priest of Okawaru.
             Slain by an eight-headed hydra (6 damage)
             ... on level 8 of the Dungeon.
             The game lasted 00:11:19 (8342 turns).

Newt the Slicer (Demonspawn Gladiator)              Turns: 8342, Time: 00:11:20

Health: -5/74      AC: 12    Str: 15    XL:     10   Next: 51%
Magic:  17/17      EV: 16    Int: 11    God:    Okawaru [*****.]
Gold:   421        SH:  0    Dex: 17    Spells: 16/19 levels left

rFire   . . .      SeeInvis .    e - +2 dagger (venom)
rCold   . . .      Faith    .    (no shield)
rNeg    . . .      Spirit   .    R - +0 steam dragon scales
rPois   .          Reflect  .    c - +0 helmet
rElec   .          Harm     .    (no cloak)
rCorr   .          Rampage  .    (no gloves)
Will    .....                    j - +1 pair of boots
Stlth   ++........               K - amulet of regeneration
HPRegen 1.02/turn                w - +4 ring of protection
MPRegen 0.15/turn                v - +4 ring of slaying

@: mighty, about to teleport
A: repulsion field 2, powered by pain 1, demonic touch 2
a: Renounce Religion, Heroism, Finesse, Duel


You were on level 8 of the Dungeon.
You worshipped Okawaru.
Okawaru was extremely pleased with you.
You visited 2 branches of the dungeon, and saw 11 of its levels.
You also visited: Sewer.

You collected 457 gold pieces.
You spent 36 gold pieces at shops.

Inventory:

Hand Weapons
 a - a +0 rapier
 e - a +2 dagger of venom (weapon)
 B - a +0 whip
 F - a +0 club
 G - a +2 antimagic short sword
 L - a +3 short sword
Missiles
 d - 6 throwing nets (quivered)
 f - 4 javelins
 s - 22 boomerangs
 t - 50 poisoned darts
 T - a curare-tipped dart
Armour
 b - a +0 leather armour
 c - a +0 helmet (worn)
 j - a +1 pair of boots (worn)
 R - +0 steam dragon scales (worn)
Jewellery
 n - a ring of poison resistance
 u - an amulet of guardian spirit
 v - a +4 ring of slaying (right hand)
 w - a +4 ring of protection (left hand)
 H - a ring of resist corrosion
 K - an amulet of regeneration (around neck)
Wands
 I - a wand of flame (26)
 O - a wand of polymorph (7)
 Q - a wand of digging (5)
 U - a wand of roots (11)
Scrolls
 h - 2 scrolls of amnesia
 i - a scroll of immolation
 q - 5 scrolls of teleportation
 y - 2 scrolls of silence
 C - 2 scrolls of poison
 E - a scroll of magic mapping
 P - a scroll of enchant armour
 S - a scroll of identify
Potions
 g - a potion of flight
 k - 7 potions of curing
 l - 2 potions of mutation
 m - a potion of berserk rage
 o - 2 potions of ambrosia
 p - 2 potions of invisibility
 r - a potion of lignification
 x - 3 potions of degeneration
 z - a potion of heal wounds
 A - a potion of might
 D - 2 potions of resistance
 J - a potion of attraction
 M - a potion of haste {unknown}
 N - a potion of brilliance


   Skills:
 - Level 5.0 Fighting
 + Level 8.5 Short Blades
 - Level 5.0 Throwing
 - Level 2.6 Dodging
 - Level 2.0 Stealth
 - Level 5.0 Spellcasting
 - Level 5.0 Transmutations
 - Level 5.0 Fire Magic
 - Level 5.0 Poison Magic


You had 16 spell levels left.
You knew the following spells:

 Your Spells              Type           Power      Damage    Failure   Level
a - Ignite Poison         Fire/Tmut/Pois 13%        N/A       9%          3

Your spell library contained the following spells:

 Spells                   Type           Power      Damage    Failure   Level
 Wereblood                Tmut           13%        N/A       4%          2
 Passwall                 Tmut/Erth      6%         N/A       12%         2
 Magic Dart               Conj           8%         1d3       22%         1
 Olgreb's Toxic Radiance  Pois           13%        N/A       26%         4
 Ensorcelled Hibernation  Hex/Ice        4%         N/A       32%         2
 Sublimation of Blood     Necr           2%         N/A       32%         2
 Mephitic Cloud           Conj/Pois/Air  6%         N/A       32%         3
 Portal Projectile        Hex/Tloc       4%         N/A       54%         3
 Swiftness                Air            2%         N/A       54%         3
 Airstrike                Air            1%         2d(1-17)  91%         4
 Leda's Liquefaction      Hex/Erth       1%         N/A       91%         4
 Freezing Cloud           Conj/Ice/Air   1%         6-21      99%         5
 Lightning Bolt           Conj/Air       1%         1d12      99%         5
 Ozocubu's Refrigeration  Ice            1%         4d7       100%        7
 Ignition                 Fire           6%         3d4       100%        8
 Call Imp                 Summ           Unusable   N/A       N/A         2
 Call Canine Familiar     Summ           Unusable   N/A       N/A         3
 Summon Lightning Spire   Summ/Air       Unusable   N/A       N/A         4
 Summon Hydra             Summ           Unusable   N/A       N/A         7

Dungeon Overview and Level Annotations

Branches:
Dungeon (10/15)            Temple (1/1) D:4            Lair (0/5) D:9
  Sewer (visited)
    Orc: D:9-12

Altars:
Ashenzari
Cheibriados
Dithmenos
Fedhas
Gozag
Hepliaklqana
Kikubaaqudgha
Makhleb
Nemelex Xobeh
Okawaru
Qazlal
Ru
Sif Muna
Trog
Uskayaw
Vehumet
Wu Jian
Xom
Yredelemnul

Shops:
D:2 (   D:8 [


Innate Abilities, Weirdness & Mutations

You are surrounded by a moderate repulsion field. (EV +3)
You sometimes gain a little power by taking damage.
Your touch may inflict irresistible damage on your foes.


Message History

The eight-headed hydra bites you. The eight-headed hydra bites you!
* * * LOW HITPOINT WARNING * * *
You focus on the pain.
You feel your power returning.
The eight-headed hydra bites you but does no damage.
The eight-headed hydra completely misses you.
The meliai is engulfed in a cloud of scalding steam.
Items here: ( )) [ †††.
Throw: 7 throwing nets
Press: ? - help, Q - select action, (/) - cycle Shift-Dir - straight line, f - eight-headed hydra
Aim: an eight-headed hydra (moderately wounded, 83% to hit, immune to nets)
You throw a throwing net.
The throwing net hits the eight-headed hydra.
The eight-headed hydra is too large for the net to hold!
The eight-headed hydra is moderately wounded.
You feel much better. The eight-headed hydra misses you.
The eight-headed hydra bites you.
The eight-headed hydra bites you but does no damage. x2
The eight-headed hydra bites you!
* * * LOW HITPOINT WARNING * * *
The eight-headed hydra barely misses you.
The eight-headed hydra misses you. x2
You feel much better.
The eight-headed hydra bites you but does no damage.
The eight-headed hydra bites you.
The eight-headed hydra closely misses you.
The eight-headed hydra bites you but does no damage. x2
The eight-headed hydra barely misses you.
The eight-headed hydra bites you.
The eight-headed hydra barely misses you.
As you read the scroll of teleportation, it crumbles to dust.
You feel strangely unstable. The eight-headed hydra bites you! x2
* * * LOW HITPOINT WARNING * * *
The eight-headed hydra bites you.
* * * LOW HITPOINT WARNING * * *
The eight-headed hydra bites you!
* * * LOW HITPOINT WARNING * * *
The eight-headed hydra misses you. The eight-headed hydra bites you.
* * * LOW HITPOINT WARNING * * *
The eight-headed hydra bites you.
You die...

#.#.≈≈≈.# #.#.≈≈≈.#
#.#.≈≈≈.# #.#.≈~≈.#
#..♣)≈o♣##. #)..≈§≈y..#
#yo♣o§~♣##. #D#.≈~≈.#
#@#.≈≈≈.# #.#.≈≈≈.# ###
#.#.≈≈≈.# ##.###.#♣.≈.♣#
##.#.#..# ♣.♣♣
#.###...################
##.#.##.................
##..#####.#.#######....
#.....##......# ##....


You could see an eight-headed hydra, a meliai and an orc.

Vanquished Creatures
  A two-headed ogre (D:8)
  A kobold demonologist (D:9)
  A hornet (D:10)
  A wyvern (D:8)
  7 yaks
  A steam dragon (D:8)
  4 vampire mosquitoes (D:10)
  An acid dragon (D:8)
  2 sky beasts
  An ice beast (D:7)
  An ogre (D:7)
  A centaur (D:7)
  7 kobold brigands
  3 bullfrogs
  4 scorpions
  13 wights
  4 howler monkeys
  5 jellies
  5 orc priests
  2 hounds (D:4)
  An iguana (D:6)
  4 orc wizards
  4 gnolls
  5 adders
  2 white imps (D:8)
  9 worms
  A dart slug (D:4)
  17 orcs
  6 ball pythons
  6 bats
  14 endoplasms
  A giant cockroach (D:1)
  4 goblins
  6 hobgoblins
  2 jackals (D:3)
  20 kobolds
  2 quokkas
  4 frilled lizards (D:2)
  12 rats
185 creatures vanquished.

Notes
Turn   | Place    | Note
-------+----------+-------------------------------------------
     0 | D:1      | Newt the Demonspawn Gladiator began the quest for the Orb.
     0 | D:1      | Reached XP level 1. HP: 16/16 MP: 1/1
    44 | D:1      | Reached skill level 1 in Stealth
   271 | D:1      | Gained mutation: Your touch may inflict minor irresistible
                  | damage on your foes. [demonic ancestry]
   271 | D:1      | Reached XP level 2. HP: 15/22 MP: 2/2
   502 | D:1      | Found a faded altar of an unknown god.
   711 | D:1      | Reached skill level 3 in Short Blades
   711 | D:1      | Gained mutation: Your touch may inflict irresistible damage
                  | on your foes. [demonic ancestry]
   711 | D:1      | Reached XP level 3. HP: 27/27 MP: 3/3
  1246 | D:2      | Reached skill level 4 in Short Blades
  1246 | D:2      | Gained mutation: You sometimes gain a little power by
                  | taking damage. [demonic ancestry]
  1246 | D:2      | Reached XP level 4. HP: 4/34 MP: 4/4
  1841 | D:2      | Found Dihi's Weapon Emporium.
  1852 | D:2      | Bought 6 boomerangs for 36 gold pieces
  2835 | D:4      | Reached XP level 5. HP: 39/41 MP: 5/5
  2919 | D:4      | Found a staircase to the Ecumenical Temple.
  2929 | Temple   | Entered the Ecumenical Temple
  3232 | Temple   | Became a worshipper of Warmaster Okawaru
  3482 | D:4      | Found a shadowy altar of Dithmenos.
  3594 | D:4      | Found a sparkling altar of Nemelex Xobeh.
  3609 | D:4      | Reached XP level 6. HP: 42/48 MP: 4/6
  3947 | D:5      | Entered Level 5 of the Dungeon
  3979 | D:4      | Reached * piety under Okawaru
  4522 | D:5      | Reached skill level 5 in Throwing
  4522 | D:5      | Reached skill level 1 in Spellcasting
  4522 | D:5      | Gained mutation: You are surrounded by a mild repulsion
                  | field. (EV +2) [demonic ancestry]
  4522 | D:5      | Reached XP level 7. HP: 41/54 MP: 5/8
  4635 | D:5      | Identified the +1 scale mail of the Bulwark {rF+ rC+ Dex+4}
  4903 | D:6      | Noticed a yak
  4903 | D:6      | Noticed a yak
  4903 | D:6      | Noticed a yak
  4904 | D:6      | Noticed a yak
  4918 | D:6      | Killed a yak
  4921 | D:6      | Killed a yak
  4921 | D:6      | Reached ** piety under Okawaru
  4926 | D:6      | Killed a yak
  4927 | D:6      | Reached skill level 5 in Spellcasting
  4927 | D:6      | Gained mutation: You are surrounded by a moderate repulsion
                  | field. (EV +3) [demonic ancestry]
  4927 | D:6      | Reached XP level 8. HP: 25/60 MP: 15/15
  4943 | D:6      | Found a glowing drain.
  4966 | Sewer    | Entered a sewer
  5599 | Sewer    | Reached skill level 5 in Poison Magic
  5799 | Sewer    | Reached skill level 1 in Fire Magic
  6037 | D:6      | Reached *** piety under Okawaru
  6265 | D:6      | Identified the +5 mace "Hiconas" {flame, Fly rPois rF+
                  | Int-3}
  6630 | D:7      | Reached XP level 9. HP: 51/65 MP: 16/16
  6708 | D:7      | Learned a level 3 spell: Ignite Poison
  7108 | D:7      | Reached skill level 5 in Fire Magic
  7175 | D:7      | Reached skill level 1 in Transmutations
  7216 | D:7      | You fall into a shaft and drop 3 floors!
  7216 | D:10     | Entered Level 10 of the Dungeon
  7248 | D:10     | Reached **** piety under Okawaru
  7315 | D:9      | Paralysed by a hornet for 1 turns
  7322 | D:10     | Reached skill level 5 in Transmutations
  7353 | D:9      | Reached skill level 5 in Fighting
  7414 | D:9      | Found a staircase to the Lair.
  7467 | D:9      | Reached ***** piety under Okawaru
  7467 | D:9      | Received a gift from Okawaru
  7468 | D:9      | Reached skill level 5 in Short Blades
  7512 | D:9      | Noticed a kobold demonologist
  7519 | D:9      | Killed a kobold demonologist
  7520 | D:9      | Reached XP level 10. HP: 72/74 MP: 13/17
  7546 | D:9      | Found a hide-covered altar of Uskayaw.
  7569 | D:9      | Reached skill level 6 in Short Blades
  7584 | D:9      | Found an opulent altar of Gozag.
  7904 | D:8      | Reached skill level 7 in Short Blades
  8232 | D:8      | Identified the +1 robe "Ychimpum" {+Blink +Inv rC+++ Dex-5}
  8251 | D:8      | Found a snail-covered altar of Cheibriados.
  8251 | D:8      | Found Cheibriados's Comfort Zone.
  8293 | D:8      | Noticed a two-headed ogre
  8308 | D:8      | Killed a two-headed ogre
  8309 | D:8      | Reached skill level 8 in Short Blades
  8324 | D:8      | Identified the +12 short sword of Hoadam {freeze, Will+
                  | Int+3 Dex-4}
  8330 | D:8      | Noticed an eight-headed hydra
  8342 | D:8      | HP: 1/74 [eight-headed hydra (4)]
  8342 | D:8      | Slain by an eight-headed hydra

Illustrated notes

Levels and vault maps discovered:
D:1:      lightli_arrival_lavapool, layout_basic, ebering_ecumenical_altar_webs,
          serial_bayou_crossing
D:2:      layout_loops_ring, serial_shops, shop
D:3:      layout_basic
D:4:      layout_loops_ring, mainiacjoe_overflow_catwalk,
          mainiacjoe_overflow_brackets, minmay_temple_entry_junction
D:5:      layout_basic, chequers_serial_rivers_small_3
D:6:      layout_cave_pools, cheibrodos_sewer_entry_bend,
          amcnicky_mini_rare_corridor_liquid
D:7:      layout_layer_cave
D:8:      nzn_winding_woodlands_small
          [nzn_winding_woodlands_5x15_river_crossing,
          nzn_winding_woodlands_center_diamonds,
          nzn_winding_woodlands_5x15_sawtooth], layout_loops_cross,
          lemuel_round_altar, st_stairs_5, minmay_misc_feat_four_crosses,
          minmay_shop_chei
D:9:      layout_rooms, lemuel_crystal_altar, mainiacjoe_overflow_alcove_2,
          dpeg_oklobed_lair, orc_0_dummy, nzn_life_drinkers
D:10:     layout_loops_ring, serial_shops,
          nicolae_shop_temple_entry_statues_fountains
Temple:   minmay_temple_bridge_d

Skill      XL: |  1  2  3  4  5  6  7  8  9 10 |
---------------+-------------------------------+-----
Stealth        | 1 2 |  2.0
Short Blades   | 3 4 5 8 |  8.5
Fighting       | 3 4 5 |  5.0
Throwing       | 3 5 |  5.0
Spellcasting   | 1 5 |  5.0
Poison Magic   | 2 5 |  5.0
Fire Magic     | 4 5 |  5.0
Transmutations | 5 |  5.0
Dodging        | |  2.6

Action                   |  1- 3 |  4- 6 |  7- 9 | 10-12 || total
-------------------------+-------+-------+-------+-------++-------
Melee: Rapier            |    18 |       |       |       ||    18
       Dagger            |    57 |    85 |   240 |   104 ||   486
       Touch             |     9 |    20 |    50 |    28 ||   107
       Punch             |       |       |     3 |     4 ||     7
Throw: Javelin           |     1 |       |       |       ||     1
       Throwing net      |     3 |       |     1 |     1 ||     5
       Boomerang         |       |       |     1 |       ||     1
 Cast: Ignite Poison     |       |       |     4 |     2 ||     6
  Use: Scroll            |     6 |     9 |    11 |     2 ||    28
       Potion            |       |       |       |     2 ||     2
 Stab: Sleeping          |     8 |     7 |     2 |       ||    17
       Held in net/web   |     1 |       |     1 |       ||     2
Armor: Leather armour    |    24 |    13 |    49 |     3 ||    89
       Steam dragon scal |       |       |       |    20 ||    20
Dodge: Dodged            |    43 |    35 |   129 |    52 ||   259

Table legend: (Time is in decaauts)
 A = Elapsed time spent in this place.
 B = Non-inter-level travel time spent in this place.
 C = Inter-level travel time spent in this place.
 D = Time resting spent in this place.
 E = Time spent auto-exploring this place.
 F = Levels seen in this place.
 G = Mean time per level.
                   A        B        C        D        E       F      G
               +--------+--------+--------+--------+--------+-----+--------+
         Total |   8402 |   8050 |    352 |    724 |   5977 |  12 |  700.2 |
       Dungeon |   6998 |   6800 |    198 |    575 |   5129 |  10 |  699.8 |
        Temple |    378 |    224 |    154 |      0 |    213 |   1 |  378.0 |
         Sewer |   1024 |   1024 |      0 |    149 |    635 |   1 | 1024.0 |
               +--------+--------+--------+--------+--------+-----+--------+

Top non-repeatable levels by time:
     D:2: 1094 daAuts
   Sewer: 1024 daAuts
     D:1: 981 daAuts
     D:5: 857 daAuts
     D:7: 850 daAuts
     D:4: 773 daAuts
     D:3: 729 daAuts
     D:8: 682 daAuts
     D:6: 633 daAuts
  Temple: 378 daAuts
     D:9: 278 daAuts
    D:10: 118 daAuts
